 Dungeon Crawl Stone Soup version 0.30.0-29-ga12c61a403 (webtiles) character file.

Game seed: 12080362590335097814

132 Peloso the Covered (level 4, -1/41 HPs)
             Began as a Minotaur Fighter on June 24, 2023.
             Slain by a gnoll bouda
             ... wielding a +0 whip
              (9 damage)
             ... on level 4 of the Dungeon.
             The game lasted 00:03:35 (2323 turns).

Peloso the Covered (Minotaur Fighter)               Turns: 2323, Time: 00:03:35

Health: -1/41      AC:  7    Str: 20    XL:     4   Next: 92%
Magic:  3/3        EV:  9    Int:  5    God:
Gold:   154        SH:  5    Dex: 12    Spells: 3/3 levels left

rFire   . . .        a - +0 long sword
rCold   . . .        c - +0 buckler
rNeg    . . .        b - +0 scale mail
rPois   .            (helmet restricted)
rElec   .            (no cloak)
rCorr   .            (no gloves)
SInv    .            (no boots)
Will    .....        (no amulet) Stlth
                     (no ring)
HPRegen 0.26/turn    (no ring)
MPRegen 0.08/turn

%: no passive effects
@: no status effects
A: horns 2, retaliatory headbutt
a: no special abilities


You were on level 4 of the Dungeon.
You visited 1 branch of the dungeon, and saw 4 of its levels.

You collected 154 gold pieces.

Inventory:

Hand Weapons
 a - a +0 long sword (weapon)
Armour
 b - a +0 scale mail (worn)
 c - a +0 buckler (worn)
Scrolls
 e - 4 scrolls of identify
 f - a scroll of magic mapping {unknown}
 h - 2 scrolls of fog {unknown}
 i - a scroll of poison
 j - 2 scrolls of teleportation {unknown}
 k - a scroll of enchant armour
Potions
 d - a potion of might
 l - a potion of mutation


   Skills:
 + Level 4.3 Fighting
 + Level 3.8 Long Blades
 + Level 4.9 Armour
 + Level 0.4 Dodging
 + Level 4.3 Shields


You had 3 spell levels left.
You didn't know any spells.
Your spell library contained the following spells:

 Spells                   Type           Power      Damage    Failure   Level
 Summon Small Mammal      Summ           0%         N/A       87%         1
 Poisonous Vapours        Pois/Air       0%         N/A       95%         2
 Call Canine Familiar     Summ           0%         N/A       99%         3
 Summon Guardian Golem    Hex/Summ       0%         N/A       99%         3
 Summon Ice Beast         Ice/Summ       0%         N/A       100%        4


Dungeon Overview and Level Annotations

Branches:
Dungeon (4/15)
 Temple: D:4-7

Altars:
Fedhas


Innate Abilities, Weirdness & Mutations

You have a pair of horns on your head.
You reflexively headbutt those who attack you in melee.


Message History

You block the gnoll's attack.
The gnoll bouda hits you with a +0 whip.
You hit the gnoll.
The gnoll is almost dead.
The gnoll hits you with a +0 club.
The gnoll bouda gazes fiercely through you!
You feel your attacks grow feeble. The gnoll bouda barely misses you.
You furiously retaliate!
You headbutt the gnoll bouda! You slash the gnoll!
You kill the gnoll!
The gnoll bouda hits you with a +0 whip.
Unknown command.
You hit the gnoll bouda.
The gnoll bouda is severely wounded.
The gnoll bouda prays to its god.
The gnoll bouda is healed somewhat.
You hit the gnoll bouda but do no damage.
The gnoll bouda is heavily wounded.
The gnoll bouda hits you but does no damage.
You closely miss the gnoll bouda.
You headbutt the gnoll bouda, but do no damage.
The gnoll bouda is heavily wounded.
The gnoll bouda hits you with a +0 whip. x2
* * * LOW HITPOINT WARNING * * *
You hit the gnoll bouda. Your headbutt misses the gnoll bouda.
The gnoll bouda is heavily wounded.
The gnoll bouda hits you but does no damage.
You barely miss the gnoll bouda.
The gnoll bouda is heavily wounded.
Your attacks no longer feel as feeble.
The gnoll bouda closely misses you.
You closely miss the gnoll bouda.
The gnoll bouda is heavily wounded.
The gnoll bouda hits you with a +0 whip.
* * * LOW HITPOINT WARNING * * *
You hit the gnoll bouda but do no damage.
The gnoll bouda is heavily wounded.
The gnoll bouda hits you with a +0 whip!
You die...

.......##+
#..........
#..........
+..........
#..........
#.........
#......#
#.@....#
#.)g...#
#......#
+......######
#.....).....#
#...........#
#######)....#
#.....#
#.....+


You could see a gnoll bouda.

Vanquished Creatures
  4 gnolls
  2 adders
  2 worms (D:2)
  A dart slug (D:1)
  2 orcs
  7 endoplasms
  2 giant cockroaches
  6 goblins
  3 hobgoblins (D:1)
  3 jackals (D:1)
  4 quokkas
  8 ball pythons
  6 bats
  4 frilled lizards
  6 kobolds
  5 rats
65 creatures vanquished.

Notes
Turn   | Place    | Note
-------+----------+-------------------------------------------
     0 | D:1      | Peloso the Minotaur Fighter began the quest for the Orb.
     0 | D:1      | Reached XP level 1. HP: 19/19 MP: 0/0
   176 | D:1      | Reached XP level 2. HP: 26/27 MP: 1/1
   389 | D:1      | Reached XP level 3. HP: 33/33 MP: 2/2
   791 | D:2      | Found a blossoming altar of Fedhas.
  1345 | D:3      | Reached XP level 4. HP: 41/41 MP: 3/3
  1961 | D:3      | Got Hizo's Quarto of the Unified Assassin
  2323 | D:4      | Slain by a gnoll bouda

Illustrated notes

Levels and vault maps discovered:
D:1:      evilmike_arrival_hilbert_curve, layout_basic, minmay_pentomino_z2
D:2:      layout_basic, basic_altar
D:3:      layout_loops_corners
D:4:      minmay_chambers_of_fours, layout_gridville, nicolae_overflow_squiral,
          mrwooster_statue_mirror, uniq_natasha

Skill      XL: |  1  2  3 |
---------------+----------+-----
Fighting       | 4 |  4.3
Armour         | 4 |  4.9
Shields        | 4 |  4.3
Long Blades    | 3 |  3.8
Dodging        | |  0.4

Action                     |  1- 3 |  4- 6 || total
---------------------------+-------+-------++-------
  Melee: Long sword        |    88 |    49 ||   137
         Headbutt          |    13 |     4 ||    17
    Use: Potion            |     3 |       ||     3
         Scroll            |     1 |     3 ||     4
 Armour: Scale mail        |    60 |    21 ||    81
  Dodge: Dodged            |    61 |    24 ||    85
  Block: Buckler           |    23 |    23 ||    46
